 Dungeon Crawl Stone Soup version 0.27-a0-1290-g15d3ce7508 (webtiles) character file.

Game seed: 5506014224656414477

956 Ijustatesigmund the Ducker (level 7, -4/38 HPs)
             Began as a Spriggan Brigand on June 14, 2021.
             Was an Initiate of Okawaru.
             Killed from afar by Pikel (23 damage)
             ... with an iceblast
             ... on level 5 of the Dungeon on June 15, 2021.
             The game lasted 00:12:56 (5969 turns).

Ijustatesigmund the Ducker (Spriggan Brigand)       Turns: 5969, Time: 00:12:56

Health: -4/38      AC:  6    Str:  7    XL:     7   Next: 91%
Magic:  8/8        EV: 21    Int: 13    God:    Okawaru [......]
Gold:   163        SH:  0    Dex: 18    Spells: 6/6 levels left

rFire    . . .     SeeInvis +   a - +4 dagger (speed)
rCold    . . .     Faith    .   (shield restricted)
rNeg     . . .     Spirit   .   b - +0 robe
rPois    .         Reflect  .   l - +2 hat
rElec    .         Harm     .   c - +1 cloak
rCorr    .         Rampage  .   (gloves unavailable)
Will     +....                  (boots unavailable)
Stlth    +++.......             (no amulet)
HPRegen  0.12/turn              (no ring)
MPRegen  0.11/turn              (no ring)

@: very quick
A: very small, no large weapons, unfitting armour, see invisible, speed 3
a: Renounce Religion


You were on level 5 of the Dungeon.
You worshipped Okawaru.
Okawaru was noncommittal.
You visited 2 branches of the dungeon, and saw 7 of its levels.

You collected 247 gold pieces.
You spent 84 gold pieces at shops.

Inventory:

Hand Weapons
 a - a +4 dagger of speed (weapon)
 p - a +0 rapier
Missiles
 d - 2 poisoned darts (quivered)
 j - 4 atropa-tipped darts
 q - 4 boomerangs
Armour
 b - a +0 robe (worn)
 c - a +1 cloak (worn)
 l - a +2 hat (worn)
Scrolls
 k - a scroll of teleportation
Potions
 f - 2 potions of mutation
 g - a potion of cancellation
 h - a potion of ambrosia
 i - a potion of curing
 m - a potion of lignification
 n - a potion of haste {unknown}
 o - a potion of berserk rage {unknown}
 r - a potion of brilliance {unknown}


   Skills:
 + Level 4.5 Fighting
 + Level 6.0 Short Blades
 - Level 2.0 Throwing
 + Level 6.8 Dodging
 + Level 6.3 Stealth
 + Level 0.0 Invocations


You had 6 spell levels left.
You didn't know any spells.
Your spell library contained the following spells:

 Spells                   Type           Power      Damage    Failure   Level
 Summon Small Mammal      Summ           0%         N/A       30%         1
 Call Imp                 Summ           0%         N/A       43%         2
 Call Canine Familiar     Summ           0%         N/A       67%         3
 Summon Guardian Golem    Hex/Summ       0%         N/A       67%         3
 Summon Ice Beast         Ice/Summ       0%         N/A       97%         4
 Summon Lightning Spire   Summ/Air       0%         N/A       97%         4


Dungeon Overview and Level Annotations

Branches:
Dungeon (6/15)             Temple (1/1) D:5

Altars:
Ashenzari
Fedhas
Gozag
Hepliaklqana
Makhleb
Okawaru
Sif Muna
Uskayaw
Wu Jian
Zin
The Shining One
Jiyva

Shops:
D:3 ?

Annotations:
D:5 Pikel


Innate Abilities, Weirdness & Mutations

You are very small and have problems with some larger weapons.
You are too small for most types of armour.
You have supernaturally acute eyesight. (SInv)
You cover ground extremely quickly. (Speed+++)


Message History

You kill the lemure!
That felt strangely unrewarding.
Pikel says, "Hell isn't that bad."
You start resting.
Pikel is nearby!
There is a stone staircase leading up here.
Throw: 5 darts (poison)
Press: ? - help, Q - select action, (/) - cycle Shift-Dir - straight line, f - Pikel
Aim: Pikel, wielding a +1 whip of flaming, wearing a +0 robe and carrying a wand of iceblast (6) (58% to hit)
You throw a poisoned dart. The poisoned dart hits Pikel.
Pikel is poisoned.
Throw: 4 darts (poison)
Press: ? - help, Q - select action, (/) - cycle Shift-Dir - straight line, f/p - Pikel
Aim: Pikel, wielding a +1 whip of flaming, wearing a +0 robe and carrying a wand of iceblast (6) (poisoned, 58% to hit)
You throw a poisoned dart. The poisoned dart misses Pikel.
Throw: 3 darts (poison)
Press: ? - help, Q - select action, (/) - cycle Shift-Dir - straight line, f/p - Pikel
Aim: Pikel, wielding a +1 whip of flaming, wearing a +0 robe and carrying a wand of iceblast (6) (lightly wounded, poisoned, 58% to hit)
You throw a poisoned dart. The poisoned dart barely misses Pikel.
Pikel zaps a wand.
The mass of ice explodes!
The iceblast engulfs you.
You climb upwards.
There is a stone staircase leading down here.
You start resting.
HP restored.
You aren't carrying any items that you can evoke.
You climb downwards.
Level annotation: Pikel Pikel zaps a wand.
The mass of ice explodes!
The iceblast engulfs you!
There is a stone staircase leading up here.
Throw: dart (curare)
Press: ? - help, Q - select action, (/) - cycle Shift-Dir - straight line, f - Pikel
Aim: Pikel, wielding a +1 whip of flaming, wearing a +0 robe and carrying a wand of iceblast (4) (58% to hit)
You throw a curare-tipped dart.
The curare-tipped dart closely misses Pikel.
Pikel hits you with a +1 whip of flaming.
Pikel burns you.
You climb upwards.
There is a stone staircase leading down here.
Pikel zaps a wand.
The mass of ice explodes!
The iceblast engulfs you!!
Ouch! That really hurt!
You die...

#.....#.##......#
######.....#.##......#
###..........#.##......#
.#.8.#.#.....#.##......##
.......#.......##.......#
.8.>.8.#.....####....[..#
......##.......####.###.#
.#.8.#..^......####.###.#
................@...K..>#
.##...##.......########.#
|####.##.......# #.###
......########## #...#
..####...## ###.#
..........# #.#
...###....###############.#
...#.......##.............#
...#.......##.#.....#######


You could see Pikel.

Vanquished Creatures
  Sigmund (D:2)
  Eustachio (D:4)
  Duvessa (D:3)
  A centaur (D:5)
  A lemure (D:6)
  A scorpion (D:5)
  Dowan (D:3)
  A water moccasin zombie (D:5)
  2 hounds
  A jelly (D:5)
  A bullfrog skeleton (D:5)
  Terence (D:2)
  An iguana (D:4)
  5 adders
  A shadow imp (D:5)
  A worm (D:3)
  An orc (D:3)
  5 endoplasms
  3 giant cockroaches
  7 goblins
  8 hobgoblins
  13 jackals
  3 quokkas
  7 ball pythons
  4 bats
  4 frilled lizards
  4 kobolds
  8 rats
88 creatures vanquished.

Notes
Turn   | Place    | Note
-------+----------+-------------------------------------------
     0 | D:1      | Ijustatesigmund the Spriggan Brigand began the quest for
                  | the Orb.
     0 | D:1      | Reached XP level 1. HP: 10/10 MP: 2/2
   346 | D:1      | Reached XP level 2. HP: 15/15 MP: 3/3
  1365 | D:2      | Reached XP level 3. HP: 18/18 MP: 4/4
  1687 | D:2      | Noticed Terence
  1739 | D:2      | Killed Terence
  1740 | D:2      | Reached XP level 4. HP: 7/23 MP: 5/5
  2066 | D:2      | Noticed Sigmund
  2094 | D:2      | Killed Sigmund
  2095 | D:2      | Reached XP level 5. HP: 21/28 MP: 6/6
  2485 | D:2      | Found a faded altar of an unknown god.
  2696 | D:2      | Reached XP level 6. HP: 32/32 MP: 7/7
  2982 | D:3      | Found Pamofij's Magic Scroll Shop.
  2988 | D:3      | Bought a scroll of identify for 28 gold pieces
  2988 | D:3      | Bought a scroll of identify for 28 gold pieces
  2988 | D:3      | Bought a scroll of identify for 28 gold pieces
  3432 | D:4      | Noticed Eustachio
  3437 | D:4      | Killed Eustachio
  3438 | D:4      | Reached skill level 5 in Dodging
  3704 | D:4      | Reached skill level 5 in Short Blades
  3971 | D:4      | Noticed Duvessa
  3971 | D:4      | Noticed Dowan
  4355 | D:3      | Killed Duvessa
  4356 | D:3      | Reached XP level 7. HP: 28/37 MP: 8/8
  4647 | D:3      | Killed Dowan
  4775 | D:5      | Entered Level 5 of the Dungeon
  4956 | D:5      | Found a staircase to the Ecumenical Temple.
  5587 | Temple   | Entered the Ecumenical Temple
  5692 | Temple   | Upgraded the game from 0.27-a0-1281-ge233d83751 to
                  | 0.27-a0-1290-g15d3ce7508
  5713 | Temple   | Became a worshipper of Warmaster Okawaru
  5781 | D:6      | Noticed Pikel
  5969 | D:5      | Killed from afar by Pikel

Illustrated notes

Levels and vault maps discovered:
D:1:      minmay_arrival_hallway, layout_basic, hangedman_abyss_or_decor_stabs,
          amethyst_killhole, chequers_big_river
D:2:      layout_loops_ring, ebering_ecumenical_altar_webs, uniq_terence,
          uniq_sigmund
D:3:      layout_loops_ring, serial_shops, shop, minmay_misc_feat_doors
D:4:      layout_basic, uniq_eustachio, uniq_duvessa
D:5:      layout_basic, minmay_temple_entry_statues_pillars, item_on_display_a
D:6:      layout_basic, lemuel_another_geyser, uniq_menkaure, uniq_pikel,
          uniq_crazy_yiuf_cottage
Temple:   pf_slimified_temple

Skill      XL: |  1  2  3  4  5  6  7 |
---------------+----------------------+-----
Dodging        | 2 3 4 5 6 |  6.8
Fighting       | 2 3 4 |  4.5
Short Blades   | 3 4 5 6 |  6.0
Stealth        | 6 |  6.3
Throwing       | |  2.0

Action                   |  1- 3 |  4- 6 |  7- 9 || total
-------------------------+-------+-------+-------++-------
Melee: Dagger            |    98 |   167 |    84 ||   349
Throw: Dart              |    15 |    21 |     4 ||    40
       Throwing net      |       |     1 |     1 ||     2
       Boomerang         |       |       |     5 ||     5
  Use: Scroll            |       |    12 |     2 ||    14
       Potion            |       |     1 |       ||     1
 Stab: Sleeping          |    11 |    11 |     4 ||    26
       Distracted        |       |     2 |     1 ||     3
       Held in net/web   |       |     1 |     2 ||     3
Armor: Robe              |     9 |    26 |     6 ||    41
Dodge: Dodged            |    87 |   145 |    49 ||   281

Table legend: (Time is in decaauts)
 A = Elapsed time spent in this place.
 B = Non-inter-level travel time spent in this place.
 C = Inter-level travel time spent in this place.
 D = Time resting spent in this place.
 E = Time spent auto-exploring this place.
 F = Levels seen in this place.
 G = Mean time per level.
                   A        B        C        D        E       F      G
               +--------+--------+--------+--------+--------+-----+--------+
         Total |   4447 |   4269 |    178 |   1299 |   2181 |   7 |  635.3 |
       Dungeon |   4360 |   4194 |    166 |   1299 |   2131 |   6 |  726.7 |
        Temple |     87 |     76 |     11 |      0 |     50 |   1 |   87.0 |
               +--------+--------+--------+--------+--------+-----+--------+

Top non-repeatable levels by time:
     D:1: 1155 daAuts
     D:2: 1043 daAuts
     D:3: 916 daAuts
     D:5: 724 daAuts
     D:4: 461 daAuts
  Temple: 87 daAuts
     D:6: 58 daAuts
